| 1:45 | Overlord | |
| 1:51 | Drone x12 | |
| 2:03 | Unknown | |
| 2:05 | Drone | |
13 | 2:12 | Drone | |
14 | 2:22 | Overlord | |
14 | 2:41 | Drone x3 | |
18 | 3:00 | Drone | |
18 | 3:21 | Spawning Pool | |
18 | 3:23 | Extractor, Drone | |
17 | 3:42 | Overlord | |
17 | 3:43 | Drone x2 | |
19 | 4:00 | Drone | |
20 | 4:08 | Queen, Zergling x2 | |
23 | 4:22 | Drone | |
23 | 4:23 | Roach Warren | |
23 | 4:36 | Drone x2 | |
23 | 4:38 | Extractor | |
24 | 4:44 | Queen | |
26 | 4:56 | Drone | |
26 | 4:59 | Overlord | |
27 | 5:08 | Zergling x2 | |
27 | 5:11 | Hatchery | |
27 | 5:15 | Drone | |
28 | 5:32 | Hatchery | |
28 | 5:33 | Roach | |
29 | 5:38 | Roach | |
31 | 5:43 | Roach | |
31 | 5:49 | Zerg Flyer Weapons Level 3, Terran Ship Armor Level 3, Zerg Flyer Armor Level 3, Protoss Air Armor Level 3, Protoss Air Weapons Level 3, Terran Ship Weapons Level 3, Protoss Ground Weapons Level 3, Protoss Ground Armor Level 3, Zerg Ground Armor Level 3, Protoss Shields Level 3, Terran Infantry Weapons Level 3, Terran Vehicle Armor Level 3, Zerg Missile Weapons Level 3, Terran Vehicle Weapons Level 3, Zerg Melee Weapons Level 3, Terran Infantry Armor Level 3 | |
33 | 5:50 | Overlord | |
33 | 5:56 | Roach | |
35 | 6:06 | Drone | |
35 | 6:10 | Protoss Ground Weapons Level 2, Terran Vehicle Weapons Level 2, Terran Ship Armor Level 2, Protoss Air Weapons Level 2, Zerg Ground Armor Level 2, Terran Infantry Armor Level 2, Terran Vehicle Armor Level 2, Zerg Flyer Armor Level 2, Terran Infantry Weapons Level 2, Drone, Protoss Ground Armor Level 2, Terran Ship Weapons Level 2, Protoss Air Armor Level 2, Zerg Flyer Weapons Level 2, Zerg Missile Weapons Level 2, Protoss Shields Level 2, Zerg Melee Weapons Level 2 | |
37 | 6:14 | Drone | |
38 | 6:20 | Overlord | |
38 | 6:24 | Drone | |
39 | 6:25 | Stimpack, Blink | |
39 | 6:27 | Drone | |
40 | 6:32 | Terran Infantry Armor Level 1, Terran Infantry Weapons Level 1, Protoss Air Armor Level 1, Zerg Flyer Weapons Level 1, Protoss Ground Weapons Level 1, Zerg Flyer Armor Level 1, Zerg Melee Weapons Level 1, Zerg Missile Weapons Level 1, Terran Ship Weapons Level 1, Zerg Ground Armor Level 1, Terran Vehicle Armor Level 1, Protoss Ground Armor Level 1, Terran Vehicle Weapons Level 1, Protoss Air Weapons Level 1, Terran Ship Armor Level 1, Protoss Shields Level 1 | |
40 | 6:33 | Roach | |
40 | 6:38 | Roach | |
44 | 6:43 | Roach | |
44 | 6:46 | Charge, Weapon Refit, Warp Gate, Neosteel Armor, Resonating Glaives, Extended Thermal Lance | |
48 | 6:47 | Roach | |
48 | 6:53 | Adrenal Glands, Ventral Sacs | |
48 | 6:57 | Evolution Chamber | |
48 | 6:59 | Enduring Locusts | |
48 | 7:00 | Personal Cloaking | |
47 | 7:03 | Drone | |
47 | 7:04 | Ravager | |
47 | 7:07 | Infernal Pre-Igniter, Durable Materials, Tunneling Claws, Corvid Reactor, Combat Shield, Chitinous Plating, Metabolic Boost, Glial Reconstitution, Neosteel Frame, Psionic Storm, Cloaking Field, Neural Parasite, Centrifical Hooks | |
49 | 7:09 | Roach | |
49 | 7:13 | Ravager | |
52 | 7:15 | Burrow, Muscular Augments x2 | |
52 | 7:17 | Roach | |
52 | 7:22 | Roach | |
56 | 7:28 | Overlord | |
56 | 7:29 | Caduceus Reactor, Pathogen Glands, Behemoth Reactor, Gravitic Drive, Graviton Catapult, Gravitic Boosters, Hi-Sec Auto Tracking, Moebius Reactor | |
56 | 7:38 | Roach | |
56 | 7:43 | Concussive Shells, Pneumatized Carapace | |
58 | 7:49 | Evolution Chamber | |
58 | 7:50 | Drone | |
58 | 7:55 | Roach | |
60 | 8:26 | Unknown x5 | |